 Dungeon Crawl Stone Soup version 0.29.0-4-gdea44cf6ec (webtiles) character file.

Game seed: 4410059697062561119

202 qw the Chopper (level 5, -1/41 HPs)
             Began as a Demonspawn Cinder Acolyte on Sept 8, 2022.
             Was an Elder of Ignis.
             Slain by Menkaure (8 damage)
             ... on level 4 of the Dungeon.
             The game lasted 00:01:17 (4667 turns).

qw the Chopper (Demonspawn Cinder Acolyte)          Turns: 4667, Time: 00:01:17

Health: -1/41      AC: 18    Str: 20    XL:     5   Next: 50%
Magic:  6/6        EV: 10    Int: 21    God:    Ignis [****..]
Gold:   240        SH:  0    Dex:  8    Spells: 6/6 levels left

rFire   + . .      SeeInvis .   Y - -1 hand axe (venom)
rCold   . . .      Faith    .   (no shield)
rNeg    . . .      Spirit   .   k - +4 ring mail of Life {Int+3}
rPois   .          Reflect  .   (no helmet)
rElec   .          Harm     .   (no cloak)
rCorr   .          Rampage  .   a - +1 pair of gloves of Ynguaq {Str+4}
Will    .....                   (no boots)
Stlth   ..........              (no amulet)
HPRegen 0.13/turn               (no ring)
MPRegen 0.10/turn               (no ring)

@: fiery-armoured
A: big brain 1, weakness stinger 1
a: Renounce Religion, Fiery Armour, Foxfire Swarm, Rising Flame


You were on level 4 of the Dungeon.
You worshipped Ignis.
Ignis was greatly pleased with you.
You visited 1 branch of the dungeon, and saw 4 of its levels.

You collected 240 gold pieces.


Innate Abilities, Weirdness & Mutations

You have an unusually large brain. (Int +2)
You have a small tail.


   Skills:
 - Level 3.0 Fighting
 + Level 5.3 Axes
 - Level 1.0 Armour
 - Level 1.3 Dodging
 - Level 1.0 Spellcasting
 - Level 2.6 Fire Magic


You had 6 spell levels left.
You didn't know any spells.
Your spell library contained the following spells:

 Spells                   Type           Power      Damage    Failure   Level
 Scorch                   Fire           24%        2d6       14%         2

Inventory:

Hand Weapons
 e - a +0 flail
 Y - a -1 hand axe of venom (weapon)
Armour
 a - the +1 pair of gloves of Ynguaq (worn) {Str+4}
   (You acquired it on level 1 of the Dungeon)

   Str:       It affects your strength (+4).
 k - the +4 ring mail of Life (worn) {Int+3}
   (You found it on level 2 of the Dungeon)

   Int:       It affects your intelligence (+3).
Scrolls
 b - a scroll of teleportation
 d - a scroll of identify
Potions
 j - a potion of mutation {unknown}

Dungeon Overview and Level Annotations

Branches:
Dungeon (4/15)
 Temple: D:4-7

Altars:
Sif Muna

Annotations:
D:4 Menkaure


Message History

You hit the goblin.
The goblin shoots a sling bullet.
The sling bullet hits you but does no damage.
Menkaure misses you. The goblin barely misses you.
You hit Menkaure but do no damage.
Menkaure is heavily damaged.
You miss the goblin. Menkaure closely misses you.
The goblin shoots a sling bullet.
The sling bullet hits you but does no damage.
The goblin hits you but does no damage.
The goblin is burned by your cloak of flames.
You kill the goblin!
Menkaure completely misses you.
You hit Menkaure.
Menkaure is severely damaged.
The goblin shoots a sling bullet.
The sling bullet hits you but does no damage.
Menkaure hits you but does no damage.
Menkaure is burned terribly!
Menkaure is burned by your cloak of flames.
Menkaure is almost destroyed.
You hit Menkaure but do no damage.
Menkaure is almost destroyed.
The goblin shoots a sling bullet.
The sling bullet hits you. Menkaure closely misses you.
You hit Menkaure.
Menkaure is almost destroyed.
The goblin shoots a sling bullet.
The sling bullet barely misses you. Menkaure closely misses you.
The goblin shoots a sling bullet.
The sling bullet hits you but does no damage.
You hit Menkaure but do no damage.
Your tail-slap misses Menkaure.
Menkaure is almost destroyed.
Menkaure calls on the powers of darkness!
Your body is wracked with pain!
The goblin convulses!
The goblin shoots a sling bullet.
The sling bullet hits you but does no damage.
You barely miss Menkaure.
Menkaure is almost destroyed.
Menkaure casts a spell at you. Pain shoots through your body!
Menkaure hits you!
You die...

#.######.# #....#
#####... #.# #.#
####....###..M..B. #.#
#.#####.....#.....###...
#.# #......)......##..#
##.# ###.#
#######>##.#M###..####.#
....# ######.#
#...........# #####
#......# #####..######
##......##.### #..#
......)@M....# #..#
##.....%)..#.# #..#
#...<............#
##.###g..##.###.## #.
#.... ....# . ...... # .
##..... ......


You could see Menkaure (fast) and a goblin.

Vanquished Creatures
  4 gnolls (D:4)
  5 adders
  An ufetubus (D:4)
  3 worms
  A dart slug (D:1)
  5 orcs (D:3)
  7 ball pythons
  4 endoplasms
  2 giant cockroaches (D:1)
  15 goblins
  11 hobgoblins
  17 jackals
  3 bats
  4 frilled lizards
  6 kobolds
  4 rats
92 creatures vanquished.

Notes
Turn   | Place    | Note
-------+----------+-------------------------------------------
     0 | D:1      | qw the Demonspawn Cinder Acolyte began the quest for the
                  | Orb.
     0 | D:1      | Reached XP level 1. HP: 18/18 MP: 2/2
     0 | D:1      | 0 ||| qw: Version: 0.1-a-112-g44dc6cd
     0 | D:1      | 0 ||| qw: Game counter: 6866
     0 | D:1      | 0 ||| qw: Always use a shield: true
     0 | D:1      | 0 ||| qw: God list: Okawaru
     0 | D:1      | 0 ||| qw: Allow faded altars: false
     0 | D:1      | 0 ||| qw: Do Orc after D:15 true
     0 | D:1      | 0 ||| qw: Do second Lair branch before Depths: true
     0 | D:1      | 0 ||| qw: Lair rune preference: random
     0 | D:1      | 0 ||| qw: Plans: Normal
     0 | D:1      | 0 ||| PLANNING D:1-11
    19 | D:1      | 19 ||| Stepping ~*~*~tactically~*~*~ (stealth).
    21 | D:1      | 21 ||| Stepping ~*~*~tactically~*~*~ (stealth).
    30 | D:1      | Reached skill level 3 in Axes
    39 | D:1      | 39 ||| Stepping ~*~*~tactically~*~*~ (stealth).
    47 | D:1      | 47 ||| Stepping ~*~*~tactically~*~*~ (stealth).
   189 | D:1      | Gained mutation: You have an unusually large brain. (Int
                  | +2) [demonic ancestry]
   189 | D:1      | Reached XP level 2. HP: 19/24 MP: 3/3
   448 | D:1      | 448 ||| INVOKING Fiery Armour.
   637 | D:1      | 637 ||| Stepping ~*~*~tactically~*~*~ (stealth).
   638 | D:1      | 638 ||| Stepping ~*~*~tactically~*~*~ (stealth).
   649 | D:1      | 649 ||| Stepping ~*~*~tactically~*~*~ (stealth).
   650 | D:1      | 650 ||| Stepping ~*~*~tactically~*~*~ (stealth).
   907 | D:1      | Reached XP level 3. HP: 23/29 MP: 4/4
  1198 | D:1      | 1198 ||| DROPPING scarf of shadows.
  1199 | D:1      | 1199 ||| READING scroll labelled NAFFE YZABO.
  1200 | D:1      | 1200 ||| READING scroll labelled UDYRAJ SAFIME.
  1200 | D:1      | Identified a scroll of acquirement
  1200 | D:1      | 1200 ||| ACQUIRING +1 pair of gloves of Ynguaq {Str+4}
  1200 | D:1      | Acquired the +1 pair of gloves of Ynguaq {Str+4}
  1202 | D:1      | 1202 ||| UPGRADING to +1 pair of gloves of Ynguaq {Str+4}.
  1207 | D:1      | 1207 ||| Stepping randomly (stuck).
  1208 | D:1      | 1208 ||| Stepping ~*~*~tactically~*~*~ (cloud).
  1214 | D:1      | HP: 7/29 [poisoned by you (poison gas)]
  1551 | D:2      | Reached skill level 4 in Axes
  1597 | D:2      | 1597 ||| Stepping ~*~*~tactically~*~*~ (stealth).
  1704 | D:2      | 1704 ||| Stepping ~*~*~tactically~*~*~ (stealth).
  1861 | D:2      | Found a shimmering blue altar of Sif Muna.
  1869 | D:2      | Reached skill level 1 in Dodging
  2131 | D:2      | Identified the +4 ring mail of Life {Int+3}
  2225 | D:2      | Reached XP level 4. HP: 18/35 MP: 5/5
  2469 | D:2      | 2469 ||| INVOKING Fiery Armour.
  2692 | D:2      | 2692 ||| UPGRADING to +0 leather armour.
  2702 | D:2      | 2702 ||| DROPPING +0 robe.
  2703 | D:2      | 2703 ||| UPGRADING to +0 ring mail.
  2713 | D:2      | 2713 ||| DROPPING +0 leather armour.
  2714 | D:2      | 2714 ||| UPGRADING to +4 ring mail of Life {Int+3}.
  2724 | D:2      | 2724 ||| DROPPING +0 ring mail.
  2725 | D:2      | 2725 ||| READING 4 scrolls labelled FEIGEPLACZA.
  2726 | D:2      | 2726 ||| READING scroll labelled ELUTOR DALIU.
  2727 | D:2      | 2727 ||| READING scroll labelled RUSEHA XINNI.
  2730 | D:2      | 2730 ||| READING 3 scrolls of identify.
  2730 | D:2      | 2730 ||| IDENTIFYING glowing sapphire potion
  2731 | D:2      | 2731 ||| READING 2 scrolls of identify.
  2731 | D:2      | 2731 ||| IDENTIFYING blue potion
  2732 | D:2      | 2732 ||| DROPPING potion of attraction.
  2733 | D:2      | 2733 ||| DROPPING potion of berserk rage.
  2799 | D:3      | 2799 ||| Stepping ~*~*~tactically~*~*~ (stealth).
  2935 | D:3      | 2935 ||| Stepping ~*~*~tactically~*~*~ (stealth).
  2990 | D:3      | 2990 ||| Stepping ~*~*~tactically~*~*~ (stealth).
  3099 | D:3      | 3099 ||| Stepping ~*~*~tactically~*~*~ (stealth).
  3182 | D:3      | 3182 ||| FLEEEEING.
  3193 | D:3      | 3193 ||| STAIRDANCE
  3339 | D:2      | 3339 ||| READING scroll labelled SUCLITHRUMIGG.
  3475 | D:3      | 3475 ||| DROPPING +0 club.
  3553 | D:3      | 3553 ||| Stepping ~*~*~tactically~*~*~ (stealth).
  3555 | D:3      | 3555 ||| Stepping ~*~*~tactically~*~*~ (stealth).
  3566 | D:3      | Gained mutation: You have a small tail. [demonic ancestry]
  3566 | D:3      | Reached XP level 5. HP: 41/41 MP: 6/6
  3569 | D:3      | 3569 ||| Stepping ~*~*~tactically~*~*~ (stealth).
  3570 | D:3      | 3570 ||| Stepping ~*~*~tactically~*~*~ (stealth).
  3660 | D:3      | Reached skill level 5 in Axes
  3887 | D:3      | 3887 ||| DROPPING ring of wizardry.
  4127 | D:4      | Noticed Menkaure
  4128 | D:4      | 4128 ||| FLEEEEING.
  4129 | D:4      | 4129 ||| FLEEEEING.
  4134 | D:4      | 4134 ||| STAIRDANCE
  4270 | D:3      | 4270 ||| READING scroll labelled UHETTO TENLETE.
  4271 | D:3      | 4271 ||| READING 2 scrolls labelled BALUQO OMUU.
  4272 | D:3      | 4272 ||| DROPPING scroll of fear.
  4284 | D:4      | 4284 ||| Stepping ~*~*~tactically~*~*~ (hiding).
  4287 | D:4      | HP: 9/41 [Menkaure (13)]
  4288 | D:4      | 4288 ||| READING 2 scrolls of teleportation.
  4288 | D:4      | HP: 1/41 [Menkaure (8)]
  4289 | D:4      | 4289 ||| INVOKING Fiery Armour.
  4619 | D:4      | 4619 ||| Stepping ~*~*~tactically~*~*~ (hiding).
  4624 | D:4      | 4624 ||| INVOKING Fiery Armour.
  4639 | D:4      | 4639 ||| Stepping ~*~*~tactically~*~*~ (stealth).
  4645 | D:4      | Reached skill level 1 in Armour
  4649 | D:4      | 4649 ||| Stepping ~*~*~tactically~*~*~ (stealth).
  4667 | D:4      | HP: 7/41 [Menkaure/nerve-wracking pain (9)]
  4667 | D:4      | Slain by Menkaure

Levels and vault maps discovered:
D:1:      reono_arrival_mine, layout_rooms, serial_bayou_pond_e,
          nicolae_wormholes
D:2:      cheibrodos_greedy_goblins, layout_basic, basic_altar
D:3:      layout_basic
D:4:      layout_loops_ring, minmay_temple_entry_tees, uniq_menkaure,
          uniq_duvessa

Skill      XL: |  1  2  3  4  5 |
---------------+----------------+-----
Axes           | 3 4 5 |  5.3
Dodging        | 1 |  1.3
Armour         | 1 |  1.0
Fighting       | |  3.0
Spellcasting   | |  1.0
Fire Magic     | |  2.6

Action                   |  1- 3 |  4- 6 || total
-------------------------+-------+-------++-------
Melee: Hand axe          |   148 |   106 ||   254
       Punch             |     1 |       ||     1
       Tailslap          |       |     6 ||     6
Invok: Fiery Armour      |     1 |     3 ||     4
  Use: Scroll            |     2 |     9 ||    11
Armor: Robe              |    30 |     7 ||    37
       Ring mail         |       |    62 ||    62
Dodge: Dodged            |    90 |    51 ||   141

Table legend:
 A = Non-vault XP
 B = Vault XP
 C = Vault XP percentage of total XP
 D = Non-vault monster count
 E = Vault monster count
 F = Vault count percentage of total count
                 A         B        C        D         E       F
            +---------+---------+-------+---------+---------+-------
      Total |     262 |      27 |   9.3 |      79 |      13 |  14.1
            +---------+---------+-------+---------+---------+-------
        D:1 |      44 |       5 |  10.2 |      25 |       1 |   3.8
        D:2 |      56 |      22 |  28.2 |      16 |      12 |  42.9
        D:3 |      85 |       0 |   0.0 |      27 |       0 |   0.0
        D:4 |      77 |       0 |   0.0 |      11 |       0 |   0.0
            +---------+---------+-------+---------+---------+-------
